 Dungeon Crawl Stone Soup version 0.23.2-40-g277498a001 (webtiles) character file.

Game seed: 15332613569922174127

29 FishyPogo the Caller (level 3, -1/24 HPs)
             Began as a Merfolk Summoner on Oct 5, 2019.
             Killed from afar by an orc wizard (9 damage)
             ... with a magic dart
             ... on level 2 of the Dungeon.
             The game lasted 00:08:34 (1069 turns).

FishyPogo the Caller (Merfolk Summoner)             Turns: 1069, Time: 00:08:35

Health: -1/24      AC:  4    Str:  8    XL:     3   Next: 16%
Magic:  1/6        EV: 13    Int: 15    God:
Gold:   78         SH:  0    Dex: 14    Spells: 0/6 levels left

rFire    . . .     SeeInvis .   (no weapon)
rCold    . . .     Gourm    .   (no shield)
rNeg     . . .     Faith    .   a - +0 robe
rPois    .         Spirit   .   (no helmet)
rElec    .         Reflect  .   d - +1 cloak
rCorr    .         Harm     .   (no gloves)
MR       .....                  (no boots)
Stlth    ++........             (no amulet)
HPRegen  0.08/turn              (no ring)
MPRegen  0.10/turn              (no ring)

@: very slightly contaminated, hasted, very quick
A: change form in water, swift swim, stealthy swim
a: no special abilities


You were on level 2 of the Dungeon.
You were not hungry.

You visited 1 branch of the dungeon, and saw 2 of its levels.

You collected 78 gold pieces.

Inventory:

Missiles
 g - 59 stones (quivered)
 h - 2 javelins
Armour
 a - a +0 robe (worn)
 d - a +1 cloak (worn)
Potions
 b - a potion of mutation
 i - 2 potions of agility {unknown}
 k - 2 potions of curing
 l - a potion of lignification
 o - a potion of haste
Comestibles
 c - a ration
 n - 9 chunks of flesh


   Skills:
 + Level 3.2 Dodging
 - Level 2.1 Stealth
 + Level 2.3 Spellcasting
 * Level 4.6 Summonings


You couldn't memorise any spells.
You knew the following spells:

 Your Spells              Type           Power        Failure   Level  Hunger
d - Summon Small Mammal   Summ           ###.         3%          1    #......
e - Call Imp              Summ           ###.....     4%          2    ###....
f - Call Canine Familiar  Summ           ###.....     10%         3    ###....

Your spell library contained the following spells:

 Spells                   Type           Power        Failure   Level  Hunger
 Summon Guardian Golem    Hex/Summ       #.......     26%         3    ###....
 Summon Ice Beast         Ice/Summ       #.......     63%         4    #####..
 Summon Lightning Spire   Summ/Air       #.......     63%         4    #####..


Dungeon Overview and Level Annotations

Branches:
Dungeon (2/15)

Altars:


Message History

Your magical contamination has completely faded away.
Casting: Summon Small Mammal (safe; 3% risk of failure)
Confirm with . or Enter, or press ? or * to list all spells.
You miscast Summon Small Mammal.
You are very lightly contaminated with residual magic.
Nothing appears to happen.
The orc hits you with a +0 dagger.
You hit the orc but do no damage.
The orc is moderately wounded.
You closely miss the orc wizard. You barely miss the orc wizard.
You miss the orc wizard. The orc wizard barely misses you.
You hit the orc wizard but do no damage.
You hit the orc wizard but do no damage.
The orc wizard hits you but does no damage.
You hit the orc wizard but do no damage.
The orc wizard hits you with a +0 dagger.
You barely miss the orc wizard.
The orc wizard gestures at you while chanting.
The magic dart hits you!
You die...

..............o...)o#
#######.##..#######.#
#.##..### #.#
#.##5...### #.#
#.##o.#...# #5#
#.#§§.........#
##.#o#.......#.#
#..#o#.8...8.#.#
#.##@#.......#.#
#.##§#.......#.#
#.##§#.......#..
#.##.#.8...8. #.##.#
#.##.# #.##.# .
##########.##.h .#
#..........#


You could see an orc wizard and an orc.

Vanquished Creatures
  A hobgoblin (D:2)
  3 frilled lizards (D:1)
4 creatures vanquished.

Vanquished Creatures (collateral kills)
  A leopard gecko (D:1)
  3 orcs (D:2)
  4 bats (D:2)
  3 giant cockroaches
  A goblin (D:1)
  3 hobgoblins
  3 kobolds
  A ball python (D:1)
  7 frilled lizards (D:1)
  6 rats (D:1)
32 creatures vanquished.

Grand Total: 36 creatures vanquished

Notes
Turn   | Place    | Note
-------+----------+-------------------------------------------
     0 | D:1      | FishyPogo the Merfolk Summoner began the quest for the Orb.
     0 | D:1      | Reached XP level 1. HP: 13/13 MP: 3/3
   261 | D:1      | Reached XP level 2. HP: 10/19 MP: 0/5
   304 | D:1      | Learned a level 2 spell: Call Imp
   895 | D:2      | Reached XP level 3. HP: 11/24 MP: 0/6
   919 | D:2      | Learned a level 3 spell: Call Canine Familiar
  1069 | D:2      | Killed from afar by an orc wizard

Skill      XL: |  1  2 |
---------------+-------+-----
Dodging        | 3 |  3.2
Stealth        | |  2.1
Spellcasting   | |  2.3
Summonings     | |  4.6

Action                   || total
-------------------------++-------
Melee: Unarmed           ||    52
 Cast: Summon Small Mamm ||    33
       Call Imp          ||     8
       Call Canine Famil ||     3
  Use: Scroll            ||     7
       Potion            ||     1
 Stab: Distracted        ||     1
  Eat: Chunk             ||     2
Armor: Robe              ||    10
Dodge: Dodged            ||    55
